 Dungeon Crawl Stone Soup version 0.26-a0-52-gd53d4cd058 (webtiles) character file.

Game seed: 4238632056397740992

9211 vurker the Zephyrmancer (level 11, -11/66 HPs)
             Began as a Tengu Air Elementalist on June 6, 2020.
             Was a Follower of Vehumet.
             Shot with an arrow by a centaur warrior (21 damage)
             ... on level 11 of the Dungeon.
             The game lasted 00:24:13 (15560 turns).

vurker the Zephyrmancer (Tengu Air Elementalist)   Turns: 15560, Time: 00:24:14

Health: -11/66     AC:  5    Str:  8    XL:     11   Next: 42%
Magic:  25/25      EV: 12    Int: 20    God:    Vehumet [*.....]
Gold:   385        SH:  5    Dex: 14    Spells: 19/29 levels left

rFire    . . .     SeeInvis .   j - +3 short sword (freeze)
rCold    . . .     Gourm    .   (no shield)
rNeg     . . .     Faith    .   s - +2 robe {MR+}
rPois    .         Spirit   .   (helmet restricted)
rElec    .         Reflect  +   (no cloak)
rCorr    .         Harm     .   z - +0 pair of gloves
MR       +....                  (boots unavailable)
Stlth    ++........             v - amulet of reflection
HPRegen  0.21/turn              (no ring)
MPRegen  0.19/turn              (no ring)

@: marked
A: beak, talons 3, able to fly
a: Fly, Renounce Religion


You were on level 11 of the Dungeon.
You worshipped Vehumet.
Vehumet was aware of your devotion.
You were hungry.

You visited 2 branches of the dungeon, and saw 12 of its levels.

You collected 791 gold pieces.
You spent 406 gold pieces at shops.

Inventory:

Hand Weapons
 j - a +3 short sword of freezing (weapon)
   (You took it off a kobold on level 1 of the Dungeon)
 p - the +7 Singing Sword {vorpal, sonic wave}
   (You found it on level 5 of the Dungeon)

   It inflicts extra damage upon your enemies.
Armour
 b - a +3 leather armour
   (You took it off an orc on level 5 of the Dungeon)
 s - a +2 robe of magic resistance (worn)
   (You took it off an orc wizard on level 5 of the Dungeon)
 z - a +0 pair of gloves (worn)
   (You found it on level 8 of the Dungeon)
 H - a +2 robe of positive energy
   (You found it on level 9 of the Dungeon)
Magical Staves
 C - an uncursed staff of cold
   (You found it on level 8 of the Dungeon)
Jewellery
 v - an amulet of reflection (around neck)
   (You found it on level 6 of the Dungeon)
Wands
 d - a wand of iceblast (5)
   (You found it on level 9 of the Dungeon)
 u - a wand of paralysis (21)
   (You found it on level 4 of the Dungeon)
Scrolls
 a - 7 scrolls of remove curse
 g - 9 scrolls of teleportation
 h - 6 scrolls of enchant weapon
 l - a scroll of enchant armour {unknown}
 m - 3 scrolls of random uselessness {unknown}
 o - a scroll of blinking {unknown}
 t - a scroll of vulnerability {unknown}
 y - a scroll of immolation {unknown}
 B - 3 scrolls of silence {unknown}
Potions
 c - 2 potions of cancellation {unknown}
 f - 2 potions of haste
 i - a potion of ambrosia {unknown}
 k - a potion of curing
 n - 2 potions of invisibility
 q - 4 potions of resistance
 r - 2 potions of mutation
 w - a potion of flight {unknown}
 A - a potion of might {unknown}
 D - 3 potions of brilliance
 E - a potion of magic
 F - 3 potions of degeneration
 G - a potion of lignification
 I - a potion of stabbing {unknown}
Comestibles
 e - 16 rations


   Skills:
 + Level 6.9 Fighting
 - Level 2.1 Dodging
 - Level 2.0 Stealth
 * Level 9.6 Spellcasting
 + Level 9.4 Conjurations
 * Level 13.4 Air Magic


You had 19 spell levels left.
You knew the following spells:

 Your Spells              Type           Power        Failure   Level  Hunger
a - Shock                 Conj/Air       ####         1%          1    None
b - Lightning Bolt        Conj/Air       ######....   1%          5    #####..
c - Airstrike             Air            ######....   1%          4    ##.....

Your spell library contained the following spells:

 Spells                   Type           Power        Failure   Level  Hunger
 Foxfire                  Conj/Fire      ####         1%          1    None
 Swiftness                Chrm/Air       #####...     1%          2    None
 Static Discharge         Conj/Air       ######..     1%          3    None
 Animate Skeleton         Necr           N/A          8%          1    None
 Apportation              Tloc           #.....       8%          1    None
 Pain                     Necr           #...         8%          1    None
 Vampiric Draining        Necr           #.........   22%         3    None
 Animate Dead             Necr           N/A          58%         4    ##.....
 Agony                    Necr           #.......     90%         5    #####..


Dungeon Overview and Level Annotations

Branches:
Dungeon (11/15)            Temple (1/1) D:6            Lair (0/6) D:10
    Orc (0/2) D:10

Altars:
Ashenzari
Cheibriados
Dithmenos
Elyvilon
Fedhas
Gozag
Hepliaklqana
Kikubaaqudgha
Makhleb
Nemelex Xobeh
Okawaru
Qazlal
Ru
Sif Muna
Trog
Uskayaw
Vehumet
Wu Jian
Xom
Yredelemnul
Zin
The Shining One

Shops:
D:9 !

Annotations:
D:3 2 transporters, PIKKUHERKKO's ghost, weakling DsGl


Innate Abilities, Weirdness & Mutations

You have a beak for a mouth.
You have claws for feet.
You can fly continuously.


Message History

Things that are here:
a +0 robe; a +2 dagger of freezing Done exploring.
Done exploring.
Done exploring.
Done exploring.
There is a stone staircase leading up here.
There is a staircase to the Orcish Mines here.
All of the chunks of flesh in your inventory have rotted away.
You are feeling hungry.
There is an open door here.
Things that are here:
a +0 leather armour; a +0 short sword You can't go down here!
There is a stone staircase leading down here.
You climb downwards.
Found a scroll labeled SYNLUQUPOXZE and a murky ruby potion.
There is a stone staircase leading up here.
m - 3 scrolls labeled SYNLUQUPOXZE (gained 1)
As you read the scroll of identify, it crumbles to dust.
D - 3 potions of brilliance
I - a murky ruby potion
Found 12 gold pieces.
You now have 385 gold pieces (gained 12).
Found a stone staircase leading up.
You set off the alarm!
A sentinel's mark forms upon you.
You hear a shout!
You hear two shouts!
You hear a shout!
You hear an angry hiss.
You hear a shout!
You hear a bellow! x4
You hear a shout! x4; You hear a horrible gurgling sound!
You hear a shout! x7
You hear an angry hiss.
You hear a shout!
You hear a bellow!
You hear a horrible gurgling sound!
You hear a bellow!
You hear a shout!
You hear a bellow! x2; You hear a shout! x5
You hear a horrible gurgling sound! x2
A troll comes into view.
An ogre comes into view. It is wielding a +0 giant club.
A centaur warrior comes into view.
The centaur warrior wields a +0 shortbow.
The centaur warrior shoots an arrow.
The arrow hits you!
You see here an arrow.
The centaur warrior shoots an arrow.
The arrow hits you!
* * * LOW HITPOINT WARNING * * *
You see here an arrow.
As you read the scroll of fog, it crumbles to dust.
The scroll dissolves into smoke.
The centaur warrior shoots an arrow.
The arrow hits you!!
* * * LOW HITPOINT WARNING * * *
A water moccasin comes into view.
The centaur warrior shoots an arrow.
The arrow hits you!!
You die...

#... #.# .#
#.T###.####.###.#
#......#........##
#.# #.....c....
#.# #.......#
#.### #.......#
#S..###§§§....#
#..T..§§§§....#
#.#.##§§@§..<.#
#.#.##§########
#...##.# #.####.#
#.. ..# #. ##. .


You could see a centaur warrior.

Vanquished Creatures
  2 manticores
  A gargoyle (D:10)
  A troll (D:9)
  A hornet (D:9)
  2 hippogriffs
  10 yaks
  Eustachio (D:5)
  3 wargs (D:10)
  Duvessa (D:7)
  A water moccasin (D:10)
  A soldier ant (D:7)
  3 orc warriors
  2 sky beasts
  An ice beast (D:9)
  4 centaurs
  A black bear (D:9)
  6 ogres
  A phantom (D:8)
  A crocodile (D:8)
  5 big kobolds
  Blork the orc (D:4)
  6 bullfrogs
  Dowan (D:7)
  A wyvern skeleton (D:8)
  5 scorpions (D:5)
  3 killer bees (D:10)
  13 wights
  4 howler monkeys
  3 crimson imps
  A bullfrog zombie (D:6)
  3 jellies
  A centaur skeleton (D:8)
  2 hounds (D:9)
  3 orc priests
  16 orc wizards
  3 iguanas
  8 worker ants
  A killer bee zombie (D:8)
  3 hound skeletons
  A worker ant zombie (D:7)
  8 gnolls
  A howler monkey skeleton (D:6)
  19 adders
  An ooze (D:3)
  An adder skeleton (D:8)
  2 adder zombies
  2 worms
  3 dart slugs
  6 leopard geckos
  34 orcs
  6 giant cockroaches
  7 goblins
  5 hobgoblins
  4 jackals (D:5)
  26 kobolds
  A quokka (D:8)
  2 ball pythons
  12 bats
  6 frilled lizards
  A leopard gecko skeleton (D:7)
  A leopard gecko zombie (D:5)
  7 rats
282 creatures vanquished.

Vanquished Creatures (others)
  10 fungi (D:5)
  A plant (D:5)
11 creatures vanquished.

Grand Total: 293 creatures vanquished

Notes
Turn   | Place    | Note
-------+----------+-------------------------------------------
     0 | D:1      | vurker the Tengu Air Elementalist began the quest for the
                  | Orb.
     0 | D:1      | Reached XP level 1. HP: 10/10 MP: 4/4
   616 | D:1      | Reached XP level 2. HP: 16/16 MP: 1/6
  1321 | D:2      | Reached XP level 3. HP: 20/20 MP: 4/7
  1390 | D:2      | Found a shadowy altar of Dithmenos.
  1602 | D:2      | Reached skill level 1 in Fighting
  1659 | D:2      | Reached skill level 5 in Air Magic
  1659 | D:2      | Reached XP level 4. HP: 25/25 MP: 3/9
  1712 | D:2      | Found a burning altar of Makhleb.
  2589 | D:3      | Gained mutation: You can fly continuously. [Tengu growth]
  2589 | D:3      | Reached XP level 5. HP: 29/29 MP: 3/10
  2658 | D:3      | Learned a level 5 spell: Lightning Bolt
  2663 | D:3      | Learned a level 4 spell: Airstrike
  3375 | D:3      | Found a bloodstained altar of Trog.
  3385 | D:3      | You fall into a shaft and drop 2 floors!
  3385 | D:5      | Entered Level 5 of the Dungeon
  3402 | D:5      | Reached skill level 6 in Air Magic
  3402 | D:5      | Reached XP level 6. HP: 29/35 MP: 2/12
  3819 | D:3      | Found a snail-covered altar of Cheibriados.
  3823 | D:4      | Found a blossoming altar of Fedhas.
  3928 | D:3      | Found a basalt altar of Yredelemnul.
  3952 | D:3      | Found an iron altar of Okawaru.
  4387 | D:3      | Found a transporter.
  4393 | D:3      | Found a transporter.
  4396 | D:3      | Identified the +8 spear of Amorality {vamp, Int+6}
  4409 | D:3      | Reached XP level 7. HP: 40/40 MP: 11/14
  4418 | D:3      | Noticed PIKKUHERKKO's ghost (weakling DsGl)
  4602 | D:4      | Found a hide-covered altar of Uskayaw.
  4602 | D:4      | Noticed a +0 dagger
  4602 | D:4      | Noticed a +0 hand axe
  4624 | D:4      | Found a stormy altar of Qazlal.
  4965 | D:4      | Reached skill level 7 in Air Magic
  5500 | D:4      | Noticed Blork the orc
  5510 | D:4      | Killed Blork the orc
  6094 | D:5      | Noticed Eustachio
  6108 | D:5      | Killed Eustachio
  6108 | D:5      | Reached skill level 5 in Spellcasting
  6108 | D:5      | Reached XP level 8. HP: 46/46 MP: 6/16
  6181 | D:5      | Reached skill level 5 in Conjurations
  6181 | D:5      | Reached skill level 8 in Air Magic
  6631 | D:5      | Found the +7 Singing Sword {vorpal, sonic wave}
  7400 | D:6      | Reached skill level 9 in Air Magic
  7813 | D:6      | Reached XP level 9. HP: 38/52 MP: 2/19
  7969 | D:6      | Found a staircase to the Ecumenical Temple.
  7978 | Temple   | Entered the Ecumenical Temple
  8874 | D:7      | Reached skill level 10 in Air Magic
  8952 | D:7      | Noticed Dowan
  8953 | D:7      | Noticed Duvessa
  8972 | D:7      | Killed Duvessa
  8977 | D:7      | Killed Dowan
  9776 | D:7      | Reached skill level 5 in Fighting
 10623 | D:8      | Reached skill level 11 in Air Magic
 10635 | D:8      | Reached XP level 10. HP: 50/59 MP: 8/22
 11636 | D:8      | Found a sacrificial altar of Ru.
 11778 | D:8      | Noticed a manticore
 11782 | D:8      | Killed a manticore
 12245 | D:9      | Found a shimmering altar of Xom.
 12404 | D:9      | Reached skill level 12 in Air Magic
 13196 | D:9      | Found an ancient bone altar of Kikubaaqudgha.
 13200 | D:9      | Found a shimmering blue altar of Sif Muna.
 13202 | D:9      | Found a radiant altar of Vehumet.
 13206 | D:9      | Identified Sif Muna's Grimoire of Dislocation
 13215 | D:9      | Became a worshipper of Vehumet
 13226 | D:9      | Found Caarul's Distillery.
 13229 | D:9      | Bought a potion of magic for 112 gold pieces
 13229 | D:9      | Bought a potion of resistance for 140 gold pieces
 13229 | D:9      | Bought a potion of invisibility for 112 gold pieces
 13229 | D:9      | Bought a potion of lignification for 42 gold pieces
 13465 | D:10     | Entered Level 10 of the Dungeon
 13465 | D:10     | Found a staircase to the Orcish Mines.
 13675 | D:10     | Reached XP level 11. HP: 54/65 MP: 17/25
 14359 | D:10     | Reached skill level 13 in Air Magic
 14750 | D:10     | Noticed a manticore
 14755 | D:10     | Killed a manticore
 14824 | D:10     | Reached * piety under Vehumet
 14824 | D:10     | Offered knowledge of Foxfire by Vehumet.
 15068 | D:10     | Found a staircase to the Lair.
 15556 | D:11     | Noticed a centaur warrior
 15560 | D:11     | Shot with an arrow by a centaur warrior

Illustrated notes

Levels and vault maps discovered:
D:1:      lemuel_arrival_room, layout_loops_ring, chequers_garden
D:2:      layout_basic, bloody_makhleb, grunt_dithmenos_smoke_and_mirrors
D:3:      layout_basic, cheibriados_altar_1,
          gammafunk_temple_overflow_forgotten, first_ration,
          gammafunk_ghost_gnarly_gnolls
D:4:      layout_basic, grunt_temple_overflow_forces_of_nature,
          dancing_weapons_uskayaw, uniq_blork_the_orc
D:5:      old_forge, layout_rooms, chequers_jeans, uniq_eustachio
D:6:      layout_loops_cross, minmay_temple_entry_mist
D:7:      layout_basic, grunt_ogre_cave, uniq_duvessa
D:8:      layout_cave_pods, lemuel_round_altar, minmay_unpleasant_kobolds
D:9:      layout_rooms, grunt_temple_overflow_magic_moments, old_standard_altar,
          serial_shops, nicolae_shop_window_shopping, minmay_fractal_squares_5
D:10:     layout_gridville, erik_lair_orcish_takeover, orc_0_dummy
D:11:     layout_loops_cross, basic_altar
Temple:   nicolae_temple_figure_zero

Skill      XL: |  1  2  3  4  5  6  7  8  9 10 11 |
---------------+----------------------------------+-----
Conjurations   | 2 3 4 6 7 8 9 |  9.4
Fighting       | 1 2 3 4 5 6 |  6.9
Air Magic      | 5 6 7 9 11 12 13 | 13.4
Spellcasting   | 3 4 5 6 7 9 |  9.6
Dodging        | |  2.1
Stealth        | |  2.0

Action                   |  1- 3 |  4- 6 |  7- 9 | 10-12 || total
-------------------------+-------+-------+-------+-------++-------
Melee: Kick              |     1 |     3 |       |       ||     4
       Whip              |     1 |       |       |       ||     1
       Short sword       |     1 |    25 |     2 |     1 ||    29
       Peck              |       |     2 |       |       ||     2
 Cast: Shock             |    47 |   142 |   333 |   276 ||   798
       Airstrike         |       |       |    16 |    56 ||    72
       Lightning Bolt    |       |       |       |     5 ||     5
  Use: Potion            |       |     2 |       |       ||     2
       Scroll            |       |       |     8 |     4 ||    12
  Eat: Chunk             |     3 |     8 |    19 |    11 ||    41
       Ration            |       |       |       |     3 ||     3
Armor: Robe              |     1 |     3 |       |     9 ||    13
       Leather armour    |       |       |    11 |       ||    11
Dodge: Dodged            |     5 |    29 |    45 |    51 ||   130
Block: Other             |       |       |    17 |    23 ||    40
       Reflection        |       |       |     8 |     1 ||     9

Table legend:
 A = Non-vault XP
 B = Vault XP
 C = Vault XP percentage of total XP
 D = Non-vault monster count
 E = Vault monster count
 F = Vault count percentage of total count
                 A         B        C        D         E       F
            +---------+---------+-------+---------+---------+-------
      Total |   11045 |    2114 |  16.1 |     245 |      37 |  13.1
            +---------+---------+-------+---------+---------+-------
        D:1 |      27 |       0 |   0.0 |      15 |       0 |   0.0
        D:2 |     101 |       0 |   0.0 |      26 |       0 |   0.0
        D:3 |     290 |       0 |   0.0 |      26 |       0 |   0.0
        D:4 |     228 |      99 |  30.3 |      10 |       1 |   9.1
        D:5 |     560 |     493 |  46.8 |      40 |      15 |  27.3
        D:6 |    1021 |       0 |   0.0 |      28 |       0 |   0.0
        D:7 |    1201 |     346 |  22.4 |      21 |       3 |  12.5
        D:8 |    2201 |     195 |   8.1 |      30 |       6 |  16.7
        D:9 |    2139 |     333 |  13.5 |      20 |       3 |  13.0
       D:10 |    3277 |     648 |  16.5 |      29 |       9 |  23.7
            +---------+---------+-------+---------+---------+-------
